 Dungeon Crawl Stone Soup version 0.25-a0-731-g0472a16d6a (webtiles) character file.

Game seed: 14099820543642759673, levelgen mode: deterministic

34318 Maedhros the Covert (level 13, -2/101 HPs)
             Began as an Octopode Artificer on Apr 8, 2020.
             Was the Champion of Ru.
             Killed from afar by an ice dragon (48 damage)
             ... with a blast of cold
             ... on level 15 of the Dungeon on Apr 9, 2020.
             The game lasted 00:36:14 (21411 turns).

Maedhros the Covert (Octopode Artificer)           Turns: 21411, Time: 00:36:15

Health: -2/101     AC:  4    Str: 11    XL:     13   Next: 76%
Magic:  5/13       EV: 19    Int: 15    God:    Ru [******]
Gold:   783        SH:  6    Dex: 16    Spells: 7/12 levels left

rFire    . . .     SeeInvis .   v - +7 spear (venom)
rCold    . . .     Gourm    .   c - +1 buckler {AC+3}
rNeg     . . .     Faith    .   (helmet restricted)
rPois    +         Spirit   .   (no amulet)
rElec    .         Reflect  .   e - ring of wizardry
rCorr    +         Harm     .   d - ring of resist corrosion
MR       .....                  (no ring)
Stlth    ++++++....             (no ring)
HPRegen  0.26/turn              (no ring)
MPRegen  0.13/turn              (no ring)
                                (no ring)
                                (no ring)

@: exhausted, no potions, drained
A: almost no armour, stealthy swim, amphibious, 8 rings, constrict 8, camouflage
1, poison resistance, robust 1, gelatinous body 1, no potion heal 1, inability
to drink while threatened, inability to use devices, inexperienced 1
a: Draw Out Power, Power Leap, Apocalypse, Renounce Religion


You were on level 15 of the Dungeon.
You worshipped Ru.
Ru was exalted by your worship.
You were hungry.

You visited 1 branch of the dungeon, and saw 15 of its levels.
You also visited: Sewer.

You collected 783 gold pieces.

Inventory:

Hand Weapons
 i - a +2 vampiric trident
 v - a +7 spear of venom (weapon)
Missiles
 l - 7 boomerangs of dispersal (quivered)
 m - 550 stones
 F - 341 arrows
Armour
 c - a +1 buckler of protection (worn)
Jewellery
 d - a ring of resist corrosion (right tentacle)
 e - a ring of wizardry (left tentacle)
 s - an uncursed amulet of faith
 S - an uncursed ring of ice
 U - a cursed ring of attention {unknown}
Wands
 b - a wand of flame (46)
 w - a wand of polymorph (17)
 z - a wand of iceblast (6)
 D - a wand of digging (4)
 R - a wand of acid (3)
Scrolls
 h - 6 scrolls of amnesia
 j - a scroll of noise {unknown}
 n - 10 scrolls of remove curse
 o - 8 scrolls of immolation
 q - 5 scrolls of teleportation
 u - 8 scrolls of enchant armour
 x - a scroll of fear {unknown}
 y - a scroll of fog {unknown}
 A - 2 scrolls of random uselessness {unknown}
 C - a scroll of acquirement {unknown}
 E - 3 scrolls of blinking
 G - 3 scrolls of magic mapping
 J - 2 scrolls of holy word {unknown}
 N - a scroll of vulnerability {unknown}
 O - 5 scrolls of identify
Potions
 a - 2 potions of berserk rage {unknown}
 g - 3 potions of brilliance
 k - 5 potions of curing
 p - 3 potions of flight
 r - 9 potions of heal wounds
 t - 4 potions of stabbing
 B - a potion of haste {unknown}
 H - a potion of resistance
 I - a potion of mutation
 K - 3 potions of degeneration {unknown}
 L - a potion of magic {unknown}
 M - 4 potions of lignification {unknown}
 Q - a potion of cancellation {unknown}
 T - a potion of might {unknown}
Miscellaneous
 P - a phantom mirror
Comestibles
 f - 13 rations


   Skills:
 + Level 10.2(8.8) Fighting
   Level 1.0(0.0) Short Blades
 - Level 12.0(10.6) Polearms
 + Level 10.3(9.0) Dodging
 - Level 14.4(12.9) Stealth
 + Level 5.6(4.4) Shields
 - Level 4.4(3.2) Transmutations


You had 7 spell levels left.
You knew the following spells:

 Your Spells              Type           Power        Failure   Level  Hunger
a - Sticks to Snakes      Tmut           #.......     4%          2    ###....
b - Mephitic Cloud        Conj/Pois/Air  #.......     32%         3    ####...

Your spell library contained the following spells:

 Spells                   Type           Power        Failure   Level  Hunger
 Beastly Appendage        Tmut           #.....       2%          1    ##.....
 Magic Dart               Conj           #...         11%         1    ##.....
 Blink                    Tloc           N/A          16%         2    ###....
 Call Imp                 Summ           #.......     16%         2    ###....
 Slow                     Hex            #.......     16%         2    ###....
 Spider Form              Tmut/Pois      #.........   16%         3    ####...
 Conjure Flame            Conj/Fire      #.......     32%         3    ####...
 Recall                   Summ/Tloc      N/A          32%         3    ####...
 Ice Form                 Ice/Tmut       #.......     45%         4    #####..
 Blade Hands              Tmut           #.........   58%         5    ######.
 Animate Dead             Necr           N/A          69%         4    #####..
 Borgnjor's Vile Clutch   Necr/Erth      #.........   95%         5    ######.
 Death Channel            Necr           #.........   100%        6    #######
 Simulacrum               Ice/Necr       #.........   100%        6    #######


Dungeon Overview and Level Annotations

Branches:
Dungeon (15/15)            Temple (0/1) D:5             Orc (0/2) D:12
 Vaults (0/5) D:13          Sewer (visited)
   Lair: D:8-11      Depths: D:15

Altars:
Cheibriados
Gozag
Makhleb
Okawaru
Qazlal
Ru
Sif Muna
Trog
Uskayaw
Vehumet
The Shining One

Annotations:
D:9 1 runed translucent door, Howlingfantods's ghost, novice MiFi
D:10 exclusions: catoblepas and 3 death yaks
D:14 3 runed translucent doors, Boliniamn's ghost, journeyman MiBe


Innate Abilities, Weirdness & Mutations

You cannot wear most types of armour.
You are very stealthy in the water. (Stealth+)
You are amphibious.
You can wear up to eight rings at the same time.
You can use your tentacles to constrict eight enemies at once.
Your skin changes colour to match your surroundings (Stealth+).
Your rubbery body absorbs attacks. (AC +1, EV +1)
Potions are less effective at restoring your health.
You cannot drink potions while threatened.
You cannot study or use magical devices.
You are somewhat inexperienced. (-2 XL)
Your system is resistant to poisons. (rPois)
You are robust. (+10% HP)


Message History

An ice dragon comes into view.
Found 64 gold pieces.
There are monsters nearby!
The ice dragon breathes frost at you. The blast of cold hits you!!!
The ice dragon roars deafeningly!
There are monsters nearby!
You are too injured to fight recklessly!
There are monsters nearby!
There are monsters nearby!
You are too injured to fight recklessly!
You are too injured to fight recklessly!
You reveal the great annihilating truth to your foes!
The ice dragon slows down under the weight of truth!
You feel drained.
You hear a loud, deep croak!
You hear a shout!
The ice dragon breathes frost at you. The blast of cold hits you!!!
You feel threatened and lose the ability to drink potions!
You die...

....#.#(#.#####...#
.##............ ..#
.......)....... ..#
#####.#.#######
...............
########......####
#$$$$.###.8..##
....D..##(..##
#.@...##
...D...#####
#$$$$.# ######


You could see 2 ice dragons.

Vanquished Creatures
  A hydra (D:14)
  3 centaur warriors
  5 two-headed ogres
  An ogre mage (D:13)
  An unseen horror (D:14)
  A wizard (D:10)
  An orc knight (D:12)
  5 ugly things
  3 cyclopes
  A deep elf mage (D:14)
  Maurice (D:9)
  6 manticores
  A guardian serpent (shapeshifter) (D:14)
  2 gargoyles
  2 yaktaurs
  A tengu conjurer (D:13)
  2 trolls (D:11)
  13 slime creatures
  3 hippogriffs
  A meliai zombie (D:11)
  A spriggan (D:8)
  3 wyverns
  30 yaks
  A basilisk (D:11)
  7 vampire mosquitoes
  3 hungry ghosts
  An acid dragon (D:11)
  A soldier ant (D:12)
  4 sky beasts
  5 orc warriors
  2 ice beasts
  2 eyes of draining
  2 black bears
  A phantom (D:7)
  11 ogres
  2 boggarts
  9 centaurs
  6 bullfrogs
  5 big kobolds
  Blork the orc (D:4)
  A gnoll sergeant (D:11)
  A wyvern zombie (D:14)
  6 scorpions
  7 killer bees
  5 wights
  5 howler monkeys
  5 bullfrog zombies
  8 crimson imps
  5 jellies
  A quasit (D:9)
  5 centaur zombies
  4 orc priests
  4 centaur skeletons
  4 hounds
  Crazy Yiuf (D:2)
  Jessica (D:2)
  2 iguanas
  10 orc wizards
  10 worker ants
  A killer bee zombie (D:5)
  2 hound skeletons
  A worker ant zombie (D:5)
  Robin (D:2)
  6 gnolls
  A howler monkey skeleton (D:10)
  10 adders
  6 shadow imps
  14 oozes
  3 worms
  4 dart slugs
  17 leopard geckos
  29 orcs
  22 giant cockroaches
  15 goblins
  6 hobgoblins
  8 jackals
  13 kobolds
  A quokka (D:2)
  16 ball pythons
  11 bats
  8 frilled lizards
  A leopard gecko zombie (D:7)
  8 rats
440 creatures vanquished.

Vanquished Creatures (collateral kills)
  A yak (D:5)
  A bullfrog (Sewer)
  A killer bee (D:9)
  A gnoll (D:6)
  An ooze (Sewer)
  2 frilled lizards (Sewer)
7 creatures vanquished.

Vanquished Creatures (others)
  A wraith (D:11)
  A yak (D:5)
  An ogre (D:11)
  A killer bee (D:9)
  A wyvern skeleton (D:11)
  A jelly (D:11)
  An orc priest (D:9)
  A gnoll (D:11)
  An orc (D:13)
  4 toadstools (D:1)
13 creatures vanquished.

Grand Total: 460 creatures vanquished

Notes
Turn   | Place    | Note
-------+----------+-------------------------------------------
     0 | D:1      | Maedhros the Octopode Artificer began the quest for the
                  | Orb.
     0 | D:1      | Reached XP level 1. HP: 13/13 MP: 3/3
   100 | D:1      | Reached skill level 2 in Stealth
   100 | D:1      | Reached XP level 2. HP: 11/18 MP: 4/4
   418 | D:1      | Reached skill level 3 in Stealth
   447 | D:1      | Reached XP level 3. HP: 16/23 MP: 5/5
  1495 | D:3      | Found a burning altar of Makhleb.
  1495 | D:3      | Found an iron altar of Okawaru.
  1501 | D:3      | Found an opulent altar of Gozag.
  1504 | D:3      | Found a bloodstained altar of Trog.
  1505 | D:3      | Found a sacrificial altar of Ru.
  1511 | D:3      | Became a worshipper of Ru the Awakened
  1920 | D:2      | Noticed Robin
  1923 | D:2      | Reached XP level 4. HP: 28/28 MP: 7/7
  1928 | D:2      | Killed Robin
  1928 | D:2      | Reached skill level 4 in Stealth
  2297 | D:2      | Noticed Jessica
  2300 | D:2      | Killed Jessica
  3166 | D:2      | Found a runed translucent door.
  3167 | D:2      | Noticed Crazy Yiuf
  3462 | D:2      | Killed Crazy Yiuf
  3462 | D:2      | Reached XP level 5. HP: 33/33 MP: 8/8
  3610 | D:3      | Reached skill level 5 in Evocations
  3627 | D:3      | Reached skill level 1 in Polearms
  3776 | D:3      | Reached skill level 5 in Stealth
  3855 | D:3      | Noticed an ogre
  3867 | D:3      | Killed an ogre
  3867 | D:3      | Reached XP level 6. HP: 38/38 MP: 9/9
  4240 | D:4      | Found an iron altar of Okawaru.
  4294 | D:4      | Found a glowing drain.
  4352 | D:4      | Noticed Blork the orc
  4358 | D:4      | Killed Blork the orc
  4686 | Sewer    | Entered a sewer
  4995 | Sewer    | Reached skill level 6 in Stealth
  5023 | Sewer    | Reached XP level 7. HP: 19/43 MP: 11/11
  5605 | D:5      | Entered Level 5 of the Dungeon
  5805 | D:5      | Found a staircase to the Ecumenical Temple.
  5927 | D:5      | Noticed a yak
  5928 | D:5      | Noticed a yak
  5929 | D:5      | Noticed a yak
  5945 | D:5      | Reached skill level 7 in Stealth
  5952 | D:5      | Killed a yak
  5952 | D:5      | Reached skill level 5 in Polearms
  5952 | D:5      | Reached XP level 8. HP: 48/48 MP: 12/12
  5984 | D:5      | Killed a yak
  6993 | D:5      | Reached skill level 8 in Stealth
  6999 | D:5      | Gained mutation: You are somewhat inexperienced. (-2 XL)
                  | [Ru sacrifice]
  6999 | D:5      | Reached XP level 7. HP: 43/43 MP: 12/12
  6999 | D:5      | Reached XP level 6. HP: 38/38 MP: 11/11
  6999 | D:5      | Reached * piety under Ru
  6999 | D:5      | Reached ** piety under Ru
  7097 | D:6      | Noticed an orc warrior
  7149 | D:6      | Reached XP level 7. HP: 25/43 MP: 12/12
  7391 | D:6      | Found a snail-covered altar of Cheibriados.
  7391 | D:6      | Found a radiant altar of Vehumet.
  7392 | D:6      | Found a hide-covered altar of Uskayaw.
  7725 | D:6      | Reached XP level 8. HP: 21/48 MP: 13/13
  7835 | D:7      | Noticed a hippogriff
  7846 | D:6      | Killed a hippogriff
  7846 | D:6      | Reached skill level 9 in Stealth
  7936 | D:7      | Found a shimmering blue altar of Sif Muna.
  8678 | D:7      | Reached XP level 9. HP: 16/55 MP: 14/14
  9214 | D:7      | Learned a level 2 spell: Sticks to Snakes
  9263 | D:8      | Noticed a two-headed ogre
  9514 | D:8      | Reached skill level 1 in Transmutations
  9737 | D:8      | Reached skill level 10 in Stealth
  9782 | D:8      | Gained mutation: You cannot drink potions while threatened.
                  | [Ru sacrifice]
  9782 | D:8      | Reached *** piety under Ru
  9845 | D:8      | Noticed a two-headed ogre
  9859 | D:8      | Killed a two-headed ogre
 10022 | D:8      | Found a stormy altar of Qazlal.
 10073 | D:8      | Found a glowing golden altar of the Shining One.
 10198 | D:8      | Reached XP level 10. HP: 59/63 MP: 15/15
 10632 | D:8      | Killed a two-headed ogre
 10632 | D:8      | Reached skill level 5 in Dodging
 10866 | D:9      | Noticed a two-headed ogre
 10883 | D:9      | Gained mutation: You are robust. (+10% HP) [potion of
                  | mutation]
 10883 | D:9      | Gained mutation: Your system is resistant to poisons.
                  | (rPois) [potion of mutation]
 11252 | D:9      | Noticed Maurice
 11270 | D:9      | Killed Maurice
 11270 | D:9      | Reached skill level 10 in Polearms
 11270 | D:9      | Reached skill level 11 in Stealth
 11440 | D:9      | Reached skill level 5 in Fighting
 11704 | D:9      | Found a runed translucent door.
 11706 | D:9      | Noticed Howlingfantods's ghost (novice MiFi)
 12080 | D:9      | Reached XP level 11. HP: 79/79 MP: 16/16
 12359 | D:10     | Entered Level 10 of the Dungeon
 12423 | D:10     | Noticed a two-headed ogre
 12445 | D:10     | Killed a two-headed ogre
 12463 | D:10     | Noticed a death yak
 12464 | D:10     | Noticed a death yak
 12645 | D:10     | Noticed a death yak
 12645 | D:10     | Noticed a catoblepas
 12668 | D:10     | Noticed a wizard
 12674 | D:10     | Killed a wizard
 12884 | D:10     | Gained mutation: Potions are less effective at restoring
                  | your health. [Ru sacrifice]
 12884 | D:10     | Reached **** piety under Ru
 13070 | D:11     | Noticed a two-headed ogre
 13109 | D:11     | Killed a two-headed ogre
 13437 | D:11     | Reached skill level 12 in Stealth
 13737 | D:11     | Noticed a brown ugly thing
 13995 | D:11     | Killed a brown ugly thing
 14791 | D:11     | Noticed a manticore
 14810 | D:11     | Killed a manticore
 15008 | D:11     | Reached XP level 12. HP: 68/88 MP: 17/17
 15812 | D:12     | Found a staircase to the Orcish Mines.
 15869 | D:12     | Reached skill level 13 in Stealth
 16335 | D:12     | You fall into a shaft and drop 1 floor!
 17543 | D:13     | Gained mutation: You cannot study or use magical devices.
                  | [Ru sacrifice]
 17543 | D:13     | Reached ***** piety under Ru
 17543 | D:13     | Reached ****** piety under Ru
 17918 | D:13     | Noticed a centaur warrior
 18301 | D:13     | Noticed a centaur warrior
 18302 | D:13     | Killed a centaur warrior
 18302 | D:13     | Reached skill level 14 in Stealth
 18302 | D:13     | Reached skill level 1 in Shields
 18302 | D:13     | Killed a centaur warrior
 18537 | D:13     | Noticed an ogre mage
 18600 | D:12     | Reached XP level 13. HP: 63/97 MP: 13/13
 19719 | D:13     | Found a gate to the Vaults.
 20283 | D:14     | Learned a level 3 spell: Mephitic Cloud
 20336 | D:14     | Found a runed translucent gate.
 20337 | D:14     | Found a runed translucent gate.
 20337 | D:14     | Found a runed translucent gate.
 20365 | D:14     | Found an opulent altar of Gozag.
 20498 | D:14     | Reached skill level 10 in Dodging
 20777 | D:14     | Reached skill level 5 in Shields
 21071 | D:14     | Reached skill level 10 in Fighting
 21297 | D:14     | Noticed an ettin
 21297 | D:14     | Noticed a green very ugly thing
 21298 | D:14     | Noticed Boliniamn's ghost (journeyman MiBe)
 21330 | D:15     | Entered Level 15 of the Dungeon
 21343 | D:15     | Found a burning altar of Makhleb.
 21343 | D:15     | Noticed a cacodemon
 21408 | D:15     | Noticed an ice dragon
 21409 | D:15     | Noticed an ice dragon
 21411 | D:15     | Killed from afar by an ice dragon

Levels and vault maps discovered:
D:1:      ldierk_walled_garden_2, layout_basic
D:2:      layout_basic, serial_co_window_serial, co_window_corner_a,
          co_window_paths_b, co_window_paths_b, co_window_cross_1,
          co_window_corner_a, co_window_corner_b, co_window_broadway_a,
          co_window_of_opportunity_c, co_window_broadway_a,
          co_window_broadway_a, co_window_corner_ca, co_window_of_opportunity_b,
          co_window_4corner_b, glass_columns_a, kennysheep_nub, uniq_jessica,
          uniq_crazy_yiuf_cottage, uniq_robin
D:3:      layout_basic, chequers_temple_overflow_minitemple
D:4:      layout_rooms, portal_sewer_entry_f, first_ration, okawaru_trees_1,
          uniq_blork_the_orc
D:5:      layout_cave_pods, minmay_temple_entry_stoned_glass
D:6:      black_bear_nest_2, layout_basic, gammafunk_temple_overflow_forgotten
D:7:      layout_basic, tgw_sif
D:8:      layout_basic, tso_altar, kennysheep_mini_moat, the_bakery,
          st_stairs_8, minmay_fountain_box
D:9:      layout_rooms, ebering_ghost_inner_flame,
          hangedman_decor_diamond_cutter, hangedman_decor_growths,
          hangedman_decor_opposing, uniq_maurice
D:10:     layout_roguey, dpeg_lair_monsters, lightli_wizard_tower
D:11:     minmay_the_grid_octo_tiled_octocenter_mashed
          [minmay_the_grid_octo_fan_narrow, minmay_the_grid_octo_clover_2,
          minmay_the_grid_octo_thin_diamonds, minmay_the_grid_octo_empty,
          minmay_the_grid_octo_prize_star, minmay_the_grid_square_5x5_n,
          minmay_the_grid_square_5x5_spiral,
          minmay_the_grid_square_5x5_two_walls_b,
          minmay_the_grid_square_5x5_intrusive_squares], layout_basic
D:12:     layout_layer_cave, orc_0_dummy, kennysheep_nondescript,
          minmay_tree_intersection
D:13:     layout_loops_ring, hangedman_vaults_entry_quadrant_bands
D:14:     layout_cave_pods, minmay_misc_feat_secret_circle, ebering_ghost_gozag
D:15:     grunt_enter_depths_hoard, layout_basic, serial_glass, glass_columns_c,
          glass_columns_a, glass_columns_b, glass_columns_c, glass_columns_b,
          glass_columns_a, makhleb_altar_promises_db

Skill      XL: |  1  2  3  4  5  6  7  8  9 10 11 12 13 |
---------------+----------------------------------------+-----
Stealth        | 2 3 4 5 6 7 9 10 11 12 14 | 14.4
Evocations     | 4 5 7 6 0 |  0.0
Polearms       | 2 3 7 8 9 10 11 12 | 12.0
Fighting       | 2 4 5 6 8 10 | 10.2
Dodging        | 3 4 5 7 9 10 | 10.3
Transmutations | 2 4 |  4.4
Shields        | 2 5 |  5.6
Short Blades   | |  1.0

Action                   |  1- 3 |  4- 6 |  7- 9 | 10-12 | 13-15 || total
-------------------------+-------+-------+-------+-------+-------++-------
Melee: Short sword       |    93 |    40 |       |       |       ||   133
       Constrict         |    23 |    34 |    54 |    57 |    15 ||   183
       Tentacles         |    15 |    27 |    64 |   144 |    82 ||   332
       Spear             |       |   155 |   362 |   607 |   328 ||  1452
       Trident           |       |       |       |   122 |       ||   122
Invok: Sacrifice Experie |       |     1 |       |       |       ||     1
       Sacrifice Drink   |       |       |     1 |       |       ||     1
       Draw Out Power    |       |       |       |     6 |     7 ||    13
       Sacrifice Purity  |       |       |       |     1 |       ||     1
       Apocalypse        |       |       |       |     2 |     1 ||     3
       Sacrifice Artific |       |       |       |     1 |       ||     1
       Power Leap        |       |       |       |       |     1 ||     1
Evoke: Wand              |       |     4 |    17 |    22 |       ||    43
  Use: Scroll            |       |       |       |    22 |       ||    22
       Potion            |       |       |       |     1 |       ||     1
 Stab: Sleeping          |     8 |    27 |    26 |    26 |     9 ||    96
       Distracted        |     1 |     2 |     4 |     9 |     3 ||    19
       Invisible         |       |       |     2 |     5 |     4 ||    11
       Paralysed         |       |       |       |     1 |     8 ||     9
  Eat: Chunk             |     3 |     6 |    17 |     8 |       ||    34
       Ration            |       |     1 |     1 |     6 |     2 ||    10
Armor: Skin              |    15 |    15 |     6 |     3 |    11 ||    50
Dodge: Dodged            |    81 |   104 |   139 |   258 |    99 ||   681
Block: Buckler           |       |       |       |     2 |    42 ||    44

Table legend:
 A = Non-vault XP
 B = Vault XP
 C = Vault XP percentage of total XP
 D = Non-vault monster count
 E = Vault monster count
 F = Vault count percentage of total count
                 A         B        C        D         E       F
            +---------+---------+-------+---------+---------+-------
      Total |   38451 |   11960 |  23.7 |     324 |     127 |  28.2
            +---------+---------+-------+---------+---------+-------
        D:1 |      49 |       0 |   0.0 |      28 |       0 |   0.0
        D:2 |      30 |     105 |  77.8 |      15 |      11 |  42.3
        D:3 |     204 |       0 |   0.0 |      27 |       0 |   0.0
        D:4 |      12 |     104 |  89.7 |       4 |       6 |  60.0
        D:5 |    1084 |       0 |   0.0 |      22 |       0 |   0.0
        D:6 |     705 |     126 |  15.2 |      23 |       1 |   4.2
        D:7 |    1482 |       0 |   0.0 |      25 |       0 |   0.0
        D:8 |    1567 |    1173 |  42.8 |      16 |       3 |  15.8
        D:9 |    4435 |     508 |  10.3 |      42 |       1 |   2.3
       D:10 |    1392 |     792 |  36.3 |      17 |       2 |  10.5
       D:11 |    2369 |    4952 |  67.6 |      18 |      27 |  60.0
       D:12 |    3793 |     656 |  14.7 |      17 |       1 |   5.6
       D:13 |    9804 |    3121 |  24.1 |      41 |      17 |  29.3
       D:14 |   10483 |       0 |   0.0 |      24 |       0 |   0.0
       D:15 |    1042 |       0 |   0.0 |       5 |       0 |   0.0
      Sewer |       0 |     423 | 100.0 |       0 |      58 | 100.0
            +---------+---------+-------+---------+---------+-------
